cohdb
Replays
Latest Replays
All Replays
Popular Replays
Top Player Replays
Match Explorer
How It Works
Community
CoH3 Stats
Reddit
Sign in to upload your games and track your stats! →
Sign in with Steam
Match 42368024
Unlisted
Match 42368024
Overview
Messages
Build Orders
End
Construct Barracks
Selects Special Operations Battlegroup
Riflemen Squad
Riflemen Squad
Infantry Support Center
Selects M29 Weasel with M1 Pack Howitzer
M29 Weasel with M1 Pack Howitzer
Construct Motor Pool
Selects Raiding Flares
M1 Anti-tank Gun Team
Raiding Flares
Construct Tank Depot
Raiding Flares
Selects SSF Commando Squad
SSF Commando Squad
Selects P-47 Anti-Infantry Loiter
Selects UNKNOWN (2162291)
P-47 Anti-Infantry Loiter
M4A1 Sherman Medium Tank
Raiding Flares
Advanced Logistics
P-47 Anti-Infantry Loiter
M4A1 Sherman Whizbang
Raiding Flares
Selects Assault Operation
Raiding Flares
P-47 Anti-Infantry Loiter
Engineer Squad
Grenade Package
Survival Training
P-47 Anti-Infantry Loiter
Raiding Flares
McVodka
Abeli
cocopang
Dogon222
Yossarian
Detective Conan
0
0
Comments
sign in to comment!
No comments posted yet!